Map: Bel'Shir Vestige LE (Void)

Players

Railgan

  • Race: Zerg Zerg
  • League: Grandmaster
  • Spawn Location: 5:00

MSMSMSM - Winner!

  • Race: Protoss Protoss
  • League: Master
  • Spawn Location: 11:00

VOD

Have the link to the VOD?

Description

Time

  • Played on: March 24, 2017, 3:14 p.m.
  • Length: 8:29
Show
View Real Time Build Order
Export as new Build Order

Railgan Zerg 

Build Orders: Pool First 

Get SALT Encoding   

  12  0:19  Spawning Pool  
  11  0:21  Drone  
  11  0:26  Drone  
  13  0:30  Drone  
  14  0:39  Overlord  
  14  0:52  Extractor  
  13  1:06  Zergling x4  
  13  1:07  Zergling x2  
  16  1:17  Zergling x2  
  17  1:40  Hatchery  
  17  1:43  Drone  
  17  1:44  Drone  
  18  1:51  Drone  
  19  2:05  Hatchery  
  19  2:06  Drone  
  19  2:16  Drone  
  19  2:21  Drone  
  21  2:33  Extractor, Queen  
  21  2:37  Overlord  
  22  2:52  Drone  
  22  2:53  Drone  
  22  2:54  Queen  
  22  2:55  Drone  
  27  3:04  Drone  
  27  3:05  Drone  
  29  3:18  Extractor  
  28  3:20  Drone  
  28  3:21  Drone  
  28  3:22  Drone  
  31  3:27  Drone x2  
  33  3:40  Drone  
  33  3:41  Drone  
  34  3:42  Drone x3  
  34  3:43  Drone x2  
  34  3:46  Drone  
  40  3:50  Metabolic Boost  
  40  3:51  Drone  
  41  3:56  Evolution Chamber  
  41  4:00  Drone  
  41  4:01  Drone  
  42  4:04  Overlord  
  42  4:10  Overlord  
  42  4:13  Overlord  
  42  4:22  Queen  
  42  4:24  Drone x4  
  43  4:38  Drone x5  
  44  4:42  Drone  
  44  4:43  Drone  
  44  4:44  Drone x2  
  48  4:50  Zerg Melee Weapons Level 1  
  48  4:51  Spore Crawler  
  47  4:56  Drone  
  47  4:58  Drone  
  49  5:00  Spore Crawler  
  49  5:04  Drone  
  49  5:05  Drone, Spore Crawler  
  49  5:12  Overlord  
  49  5:14  Queen  
  46  5:17  Queen  
  50  5:23  Drone  
  50  5:24  Drone x3  
  50  5:25  Drone  
  50  5:28  Extractor, Drone  
  55  5:30  Drone  
  55  5:34  Lair  
  55  5:38  Drone  
  55  5:41  Drone  
  57  5:45  Drone x5  
  61  5:50  Overlord  
  61  5:52  Drone  
  61  5:53  Drone x2  
  61  5:56  Drone  
  62  6:01  Overlord  
  62  6:05  Drone x5  
  62  6:07  Drone  
  62  6:10  Extractor x2  
  66  6:13  Baneling Nest  
  66  6:15  Drone  
  66  6:16  Extractor  
  66  6:17  Zergling x4  
  67  6:24  Drone  
  67  6:25  Zergling x2  
  69  6:27  Drone  
  69  6:29  Drone x2  
  69  6:31  Overlord  
  72  6:35  Drone x2  
  72  6:36  Drone  
  72  6:39  Hydralisk Den  
  74  6:42  Evolution Chamber  
  74  6:43  Drone  
  74  6:44  Drone x5  
  75  6:48  Drone  
  76  6:56  Centrifical Hooks  
  76  6:59  Drone x5  
  81  7:03  Zergling x12  
  81  7:06  Overseer, Overlord  
  87  7:09  Overlord  
  87  7:10  Hydralisk, Muscular Augments  
  89  7:15  Hydralisk  
  89  7:19  Hydralisk  
  89  7:20  Overlord  
  89  7:21  Baneling x6  
  93  7:26  Overlord  
  93  7:27  Hydralisk  
  93  7:28  Hydralisk  
  97  7:30  Hydralisk  
  97  7:36  Zergling x2  
  97  7:37  Zergling x6  
  103  7:44  Hydralisk  
  103  7:45  Hydralisk  
  103  7:48  Hydralisk  
  106  7:53  Hydralisk  
  103  8:01  Zergling x4  
  103  8:02  Overlord, Zergling x4  
  96  8:05  Zergling x2  
Show
View Real Time Build Order
Export as new Build Order

MSMSMSM Protoss - Winner!

Build Orders: Oracle Opening 

Get SALT Encoding   

  12  0:00  Probe (Chrono Boost)  
  13  0:11  Probe (Chrono Boost)  
  14  0:19  Pylon  
  14  0:22  Probe (Chrono Boost)  
  15  0:37  Probe (Chrono Boost)  
  15  0:40  Gateway  
  16  0:47  Assimilator  
  16  0:48  Probe (Chrono Boost)  
  17  0:58  Probe (Chrono Boost)  
  18  1:09  Probe (Chrono Boost)  
  19  1:20  Probe (Chrono Boost)  
  19  1:24  Pylon  
  20  1:28  Cybernetics Core  
  20  1:30  Probe (Chrono Boost)  
  20  1:32  Pylon  
  21  1:39  Zealot  
  21  1:42  Probe (Chrono Boost)  
  24  1:53  Assimilator  
  24  1:54  Probe (Chrono Boost)  
  25  2:06  Mothership Core (Chrono Boost)  
  27  2:10  Pylon  
  27  2:12  Adept  
  28  2:28  Nexus  
  28  2:32  Probe (Chrono Boost)  
  29  2:42  Probe (Chrono Boost)  
  30  2:47  Stargate  
  30  2:53  Probe (Chrono Boost)  
  30  2:58  Warp Gate  
  31  3:02  Adept  
  31  3:03  Probe (Chrono Boost)  
  34  3:13  Pylon  
  34  3:14  Probe (Chrono Boost)  
  35  3:25  Probe (Chrono Boost)  
  36  3:30  Oracle  
  39  3:35  Probe (Chrono Boost)  
  40  3:43  Probe (Chrono Boost)  
  40  3:48  Probe (Chrono Boost)  
  42  3:53  Probe (Chrono Boost)  
  43  4:00  Probe (Chrono Boost)  
  44  4:04  Oracle, Probe (Chrono Boost)  
  48  4:11  Nexus  
  48  4:12  Probe (Chrono Boost)  
  48  4:13  Pylon  
  49  4:19  Probe (Chrono Boost)  
  51  4:25  Probe (Chrono Boost)  
  51  4:30  Probe (Chrono Boost)  
  52  4:36  Probe (Chrono Boost)  
  51  4:40  Probe (Chrono Boost)  
  52  4:46  Robotics Facility  
  52  4:47  Probe (Chrono Boost), Assimilator  
  52  4:48  Assimilator  
  52  4:51  Pylon, Probe (Chrono Boost)  
  54  4:55  Gateway x2  
  54  4:57  Probe (Chrono Boost)  
  55  5:01  Probe (Chrono Boost)  
  56  5:08  Probe (Chrono Boost)  
  56  5:12  Probe (Chrono Boost)  
  58  5:17  Adept  
  58  5:19  Probe (Chrono Boost)  
  61  5:22  Probe (Chrono Boost)  
  61  5:23  Probe (Chrono Boost)  
  63  5:29  Probe (Chrono Boost)  
  63  5:33  Probe (Chrono Boost)  
  63  5:34  Observer  
  66  5:41  Adept  
  67  5:44  Probe (Chrono Boost)  
  67  5:47  Probe x2 (Chrono Boost)  
  69  5:55  Probe (Chrono Boost)  
  70  5:57  Probe x2 (Chrono Boost)  
  70  6:04  Gateway  
  72  6:05  Gateway x2, Probe (Chrono Boost)  
  72  6:06  Gateway  
  72  6:08  Probe (Chrono Boost)  
  72  6:09  Twilight Council, Warp Prism  
  72  6:10  Gateway  
  76  6:12  Gateway  
  76  6:14  Pylon, Probe (Chrono Boost)  
  76  6:17  Sentry x2  
  81  6:19  Sentry  
  81  6:21  Probe (Chrono Boost)  
  81  6:22  Pylon  
  81  6:24  Probe (Chrono Boost)  
  81  6:25  Probe (Chrono Boost)  
  86  6:32  Pylon  
  86  6:33  Pylon  
  86  6:41  Pylon  
  86  6:44  Pylon  
  86  6:49  Adept x3  
  92  7:02  Adept x4  
  100  7:14  Pylon  
  100  7:15  Pylon  
  100  7:16  Pylon  
  100  7:17  Forge  
  100  7:19  Stalker x2, Sentry  
  100  7:20  Forge, Stalker x2  
  110  7:27  Probe x2 (Chrono Boost)  
  110  7:28  Probe (Chrono Boost)  
  113  7:35  Stalker x4  
  121  7:54  Stalker x3  
  121  7:55  Stalker x2  
  110  8:09  Stalker x3  
  110  8:10  Stalker  
  111  8:20  Adept x2  
  111  8:21  Adept x2  
  117  8:27  Adept  
Tags
 
Add a new tag
Caveats
  • Supply blocks, unpowered buildings, or Contaminate may cause inaccurate times.
  • Supply counts are checked every 10 seconds.